 Dungeon Crawl Stone Soup version 0.29-a0-284-gf9362112df (webtiles) character file.

Game seed: 1620341275114716863

169 enile the Skirmisher (level 5, 0/54 HPs)
             Began as an Ogre Fire Elementalist on Mar 19, 2022.
             Was a Believer of Dithmenos.
             Slain by Menkaure (11 damage)
             ... on level 4 of the Dungeon.
             The game lasted 00:09:27 (3809 turns).

enile the Skirmisher (Ogre Fire Elementalist)       Turns: 3809, Time: 00:09:28

Health: 0/54       AC:  3    Str: 12    XL:     5   Next: 50%
Magic:  11/11      EV:  9    Int: 18    God:    Dithmenos [**....]
Gold:   103        SH:  0    Dex:  9    Spells: 4/12 levels left

rFire   . . .      SeeInvis +   e - +0 short sword
rCold   . . .      Faith    .   (no shield)
rNeg    . . .      Spirit   .   a - +0 robe
rPois   .          Reflect  .   (helmet restricted)
rElec   .          Harm     .   (no cloak)
rCorr   .          Rampage  .   (gloves unavailable)
Will    .....                   (boots unavailable)
Stlth   +.........              h - amulet of regeneration
HPRegen 0.98/turn               b - ring of see invisible
MPRegen 0.12/turn               (no ring)

@: confused, ambrosia-drunk, on berserk cooldown, slowed, wreathed by umbra,
very slow
A: large, unfitting armour, tough skin 1
a: Renounce Religion, Shadow Step


You were on level 4 of the Dungeon.
You worshipped Dithmenos.
Dithmenos was pleased with you.
You visited 1 branch of the dungeon, and saw 5 of its levels.

You collected 103 gold pieces.

Inventory:

Hand Weapons
 e - a +0 short sword (weapon)
Armour
 a - a +0 robe (worn)
Jewellery
 b - a ring of see invisible (left hand)
 h - an amulet of regeneration (around neck)
Scrolls
 i - a scroll of amnesia
Potions
 m - a potion of degeneration


   Skills:
 - Level 4.0 Fighting
 - Level 1.7 Dodging
 - Level 1.4 Stealth
 - Level 4.0 Spellcasting
 - Level 0.8 Conjurations
 + Level 3.7 Fire Magic


You had 4 spell levels left.
You knew the following spells:

 Your Spells              Type           Power      Damage    Failure   Level
a - Foxfire               Conj/Fire      44%        2x1d6     6%          1
b - Scorch                Fire           34%        2d7       4%          2
c - Blink                 Tloc           6%         N/A       22%         2
d - Inner Flame           Hex/Fire       10%        N/A       21%         3

Your spell library contained the following spells:

 Spells                   Type           Power      Damage    Failure   Level
 Conjure Flame            Conj/Fire      11%        6-21      17%         3
 Lesser Beckoning         Tloc           3%         N/A       41%         3
 Flame Wave               Conj/Fire      11%        2d5       50%         4
 Manifold Assault         Tloc           3%         N/A       99%         5


Dungeon Overview and Level Annotations

Branches:
Dungeon (5/15)
 Temple: D:4-7

Altars:
Dithmenos
Okawaru

Shops:
D:1 =

Annotations:
D:4 Eustachio, Menkaure


Innate Abilities, Weirdness & Mutations

You are too large for most types of armour.
You have tough skin. (AC +1)


Message History

Here: Menkaure (fast, umbra)
The floor, spattered with blood.
Casting: Blink (safe; 22% risk of failure)
Confirm with . or Enter, or press ? or * to list all spells.
Okay, then.
Okay, then.
Casting: Blink (safe; 22% risk of failure)
Confirm with . or Enter, or press ? or * to list all spells.
Okay, then.
You are confused.
You feel invigorated.
Menkaure calls on the powers of darkness!
The black bear convulses!
The ogre convulses!
Your body is wracked with pain!
* * * LOW HITPOINT WARNING * * *
The black bear bites you.
* * * LOW HITPOINT WARNING * * *
The black bear claws you but does no damage.
The black bear claws you.
* * * LOW HITPOINT WARNING * * *
Okay, then.
Menkaure completely misses you.
The black bear bites you but does no damage.
The black bear closely misses you.
The black bear claws you but does no damage.
You're too confused to move!
Menkaure calls on the powers of darkness!
The black bear convulses!
Your body is wracked with pain!
* * * LOW HITPOINT WARNING * * *
The ogre convulses!
The black bear bites you.
* * * LOW HITPOINT WARNING * * *
The black bear barely misses you. The black bear completely misses you.
Menkaure barely misses you.
The black bear attacks as you move away!
The black bear barely misses you. The black bear claws you.
* * * LOW HITPOINT WARNING * * *
The black bear claws you but does no damage.
The black bear goes berserk!
The black bear rages.
Menkaure hits you!
You die...

#......#..#....#
#......#..#....#
#......#..#....#
#......#..#....# +.....#
#......#..#....# #.....#
#......#..#...># #.....#
#:.....'..#...O# #.....#
###......#..#..hM# #.g...#
..#....<.#..#...@# #...(.#
..#......#..#....####.....#
..#......#..#.......g.....#
..'......#..#.....).......#
..#......#..#.............#
###......#..#.............#
...####### ###+###########
...# ...#


You could see a black bear (berserk), an ogre and Menkaure (fast).

Vanquished Creatures
  A gnoll shaman (D:5)
  2 gnolls (D:5)
  5 adders
  A worm (D:1)
  2 dart slugs (D:2)
  6 orcs
  3 bats
  3 endoplasms
  3 giant cockroaches
  5 goblins
  5 hobgoblins
  6 jackals
  4 kobolds
  A quokka (D:3)
  4 ball pythons
  A frilled lizard (D:3)
  7 rats
59 creatures vanquished.

Vanquished Creatures (others)
  232 foxfires
232 creatures vanquished.

Grand Total: 291 creatures vanquished

Notes
Turn   | Place    | Note
-------+----------+-------------------------------------------
     0 | D:1      | enile the Ogre Fire Elementalist began the quest for the
                  | Orb.
     0 | D:1      | Reached XP level 1. HP: 16/16 MP: 3/3
    51 | D:1      | Reached skill level 1 in Fighting
   479 | D:1      | Found a faded altar of an unknown god.
   488 | D:1      | Prayed at the altar of an unknown god.
   488 | D:1      | Became a worshipper of Dithmenos the Shadowed
   488 | D:1      | Reached * piety under Dithmenos
   509 | D:1      | Reached XP level 2. HP: 28/28 MP: 3/5
   699 | D:1      | Found Jabuatezag's Jewellery Boutique.
  1299 | D:2      | Reached XP level 3. HP: 29/37 MP: 0/6
  1302 | D:2      | Learned a level 2 spell: Scorch
  1638 | D:2      | Learned a level 2 spell: Blink
  1696 | D:2      | Reached XP level 4. HP: 45/48 MP: 5/8
  2286 | D:2      | Reached ** piety under Dithmenos
  2731 | D:2      | Learned a level 3 spell: Inner Flame
  2999 | D:3      | Found an iron altar of Okawaru.
  3390 | D:3      | Identified the +7 hand axe "Aguiq" {flame, rElec Int+2}
  3671 | D:4      | Noticed Eustachio
  3705 | D:4      | Noticed a black bear
  3715 | D:4      | Noticed an ogre
  3733 | D:5      | Entered Level 5 of the Dungeon
  3754 | D:5      | Reached XP level 5. HP: 48/54 MP: 5/11
  3783 | D:4      | Noticed Menkaure
  3806 | D:4      | HP: 1/54 [black bear (3)]
  3809 | D:4      | Slain by Menkaure

Illustrated notes

Levels and vault maps discovered:
D:1:      dpeg_arrival_prison, layout_basic, serial_shops,
          nicolae_lakefront_shop, basic_ecumenical_altar, fountainhead
D:2:      layout_basic
D:3:      layout_rooms, mainiacjoe_overflow_concentric_impassable, uniq_terence
D:4:      layout_gridville, uniq_pikel, uniq_duvessa, uniq_eustachio,
          uniq_blork_the_orc, uniq_menkaure
D:5:      layout_loops_cross

Skill      XL: |  1  2  3  4 |
---------------+-------------+-----
Fighting       | 2 3 4 |  4.0
Spellcasting   | 3 4 |  4.0
Fire Magic     | 3 |  3.7
Dodging        | |  1.7
Stealth        | |  1.4
Conjurations   | |  0.8

Action                   |  1- 3 |  4- 6 || total
-------------------------+-------+-------++-------
Melee: Unarmed           |     3 |       ||     3
       Short sword       |    28 |    43 ||    71
       Punch             |       |     1 ||     1
 Cast: Foxfire           |    54 |    82 ||   136
       Scorch            |     9 |    16 ||    25
       Blink             |       |     1 ||     1
       Inner Flame       |       |     1 ||     1
  Use: Potion            |     1 |     9 ||    10
       Scroll            |       |     7 ||     7
Armor: Robe              |    11 |    49 ||    60
Dodge: Dodged            |    33 |   103 ||   136

Table legend: (Time is in decaauts)
 A = Elapsed time spent in this place.
 B = Non-inter-level travel time spent in this place.
 C = Inter-level travel time spent in this place.
 D = Time resting spent in this place.
 E = Time spent auto-exploring this place.
 F = Levels seen in this place.
 G = Mean time per level.
                   A        B        C        D        E       F      G
               +--------+--------+--------+--------+--------+-----+--------+
         Total |   3824 |   3721 |    103 |      0 |   3047 |   5 |  764.8 |
       Dungeon |   3824 |   3721 |    103 |      0 |   3047 |   5 |  764.8 |
               +--------+--------+--------+--------+--------+-----+--------+

Top non-repeatable levels by time:
     D:1: 1407 daAuts
     D:2: 1372 daAuts
     D:3: 732 daAuts
     D:4: 263 daAuts
     D:5: 47 daAuts
